 Dungeon Crawl Stone Soup version 0.18-a0-1354-gbc5753f (webtiles) character file.

491 gorblad the Skirmisher (level 6, -10/48 HPs)
             Began as a Mummy Fighter on Feb 20, 2016.
             Mangled by Menkaure (17 damage)
             ... on level 4 of the Dungeon.
             The game lasted 00:05:33 (2925 turns).

gorblad the Skirmisher (Mummy Fighter)              Turns: 2925, Time: 00:05:33

Health: -10/48     AC:  6    Str: 21    XL:     6   Next: 91%
Magic:  6/6        EV:  9    Int:  7    God:
Gold:   243        SH:  9    Dex: 12    Spells: 0 memorised, 5 levels left

rFire  . . .     SeeInvis .     a - +1 war axe
rCold  . . .     Gourm    .     l - -2 ring mail (curse)
rNeg   + + +     Faith    .     c - +0 shield
rPois  ∞         Spirit   .     k - +0 helmet
rElec  .         Dismiss  .     (no cloak)
rCorr  .         Reflect  .     f - +0 pair of gloves
SustAt .         Harm     .     (no boots)
MR     .....                    (no amulet)
Stlth  +.........               i - ring of positive energy
                                e - ring of fire

@: not resistant to hostile enchantments, very unstealthy
A: no food or potions, fire vulnerability, cold resistance 1, negative energy
resistance 3, torment resistance, unbreathing
a: no special abilities


You were on level 4 of the Dungeon.
You were not hungry.

You visited 1 branch of the dungeon, and saw 4 of its levels.
You also visited: Sewer.

You collected 243 gold pieces.

Inventory:

Hand Weapons
 a - a +1 war axe (weapon)
Armour
 b - a +0 scale mail
 c - a +0 shield (worn)
 f - a +0 pair of gloves (worn)
 k - a +0 helmet (worn)
 l - a cursed -2 ring mail (worn)
Jewellery
 d - an uncursed ring of stealth {unknown}
 e - a ring of fire (left hand)
 h - an uncursed ring of wizardry
 i - a ring of positive energy (right hand)
Scrolls
 g - 2 scrolls of teleportation
Books
 j - a book of Spatial Translocations

   Spells                             Type                      Level
   a - Apportation                    Translocation                1
   b - Blink                          Translocation                2
   c - Shroud of Golubria             Charms/Translocation         2
   d - Portal Projectile              Translocation                3
   e - Teleport Other                 Translocation                3
   f - Passage of Golubria            Translocation                4


   Skills:
 + Level 4.1 Fighting
 + Level 2.6 Axes
 + Level 3.5 Armour
 + Level 2.3 Dodging
 + Level 2.4 Stealth
 + Level 3.4 Shields


You had 5 spell levels left.
You didn't know any spells.

Dungeon Overview and Level Annotations

Branches:
Dungeon (4/15)
 Temple: D:4-7

Altars:
Okawaru

Annotations:
D:2 Natasha
D:4 Menkaure


Innate Abilities, Weirdness & Mutations

You do not eat or drink.
Your flesh is vulnerable to fire.
You are immune to poison.
Your flesh is cold resistant.
You are immune to negative energy.
You are immune to unholy pain and torment.
You can survive without breathing.


Message History

Menkaure closely misses you. Menkaure hits you.
Menkaure is nearby!
You hit Menkaure.
Menkaure is lightly damaged.
Menkaure hits you.
You barely miss Menkaure.
Menkaure is lightly damaged.
Menkaure closely misses you. Menkaure hits you!!
You slash Menkaure!
Menkaure is severely damaged.
Menkaure hits you!
* * * LOW HITPOINT WARNING * * *
Menkaure completely misses you.
You are too injured to fight recklessly!
You are too injured to fight recklessly!
You can't drink.
You completely miss Menkaure.
Menkaure is severely damaged.
Menkaure hits you!
You die...

###### ##
#....###############.
#....#..#.....#....'.
#....#..#.....'....#.
#....#..#.....######.
#...M#..####..#......
#...@#..####..#......
#....#........#......
#....#........'......
#....#........#......
#....###'###..#.....#
#.........##..#.....#
#.........#...#.....#
#.........#...#.....#
#######.........+...#.....#


You could see Menkaure.

Vanquished Creatures
  An ogre (D:4)
  2 giant frogs (Sewer)
  An orc wizard (D:4)
  A worker ant (D:4)
  Robin (D:4)
  2 river rats (D:3)
  7 adders
  2 worms
  9 giant geckos
  7 orcs
  8 bats
  8 giant cockroaches
  20 goblins
  10 hobgoblins
  10 jackals
  9 kobolds
  3 quokkas
  2 ball pythons
  8 giant newts
  9 rats
120 creatures vanquished.

Notes
Turn   | Place    | Note
--------------------------------------------------------------
     0 | D:1      | gorblad the Mummy Fighter began the quest for the Orb.
     0 | D:1      | Reached XP level 1. HP: 18/18 MP: 1/1
   174 | D:1      | Reached XP level 2. HP: 17/24 MP: 2/2
   437 | D:1      | Reached XP level 3. HP: 27/29 MP: 3/3
   592 | D:2      | Reached skill level 1 in Stealth
   612 | D:2      | Reached skill level 1 in Dodging
  1001 | D:2      | Noticed Natasha
  1051 | D:2      | Reached XP level 4. HP: 35/35 MP: 4/4
  1258 | D:3      | Found an iron altar of Okawaru.
  1344 | D:3      | Found a glowing drain.
  1386 | Sewer    | Entered a sewer
  1884 | Sewer    | Reached XP level 5. HP: 36/41 MP: 5/5
  2032 | Sewer    | Reached XP level 6. HP: 33/48 MP: 6/6
  2411 | D:4      | Reached skill level 4 in Fighting
  2669 | D:4      | Noticed Robin
  2697 | D:4      | Killed Robin
  2915 | D:4      | Noticed Menkaure
  2925 | D:4      | Mangled by Menkaure

Vault maps used:
D:1:      sevenhm_arrival_forest_fort_large_2
D:2:      uniq_natasha
D:3:      gup_sewer_entry_bubbles, okawaru_trees_1
D:4:      uniq_menkaure, uniq_robin
Sewer:    sewer_frog_island_01

Action                   |  1- 3 |  4- 6 || total
-------------------------+-------+-------++-------
Melee: War axe           |   161 |   248 ||   409
  Use: Scroll            |       |     4 ||     4
 Stab: Distracted        |       |     1 ||     1
       Sleeping          |       |     1 ||     1
